Description

birdy's 3 base linghydra timing attack

Build Order

Get SALT Encoding   

  13  0:12  Overlord  
  17  0:52  Hatchery  
  18  1:14  Extractor  
  18  1:18  Spawning Pool  
  20  1:53  Overlord  
  20  2:06  Queen x2  
  24  2:07  Zergling x2  
  27  2:18  Metabolic Boost  
  31  2:42  Zergling x2  
  32  2:46  Hatchery  
  32  2:47  Overlord  
  32  2:55  Queen  
  36  3:05  Overlord  
  43  3:24  Overlord  
  44  3:34  Extractor  
  44  3:35  Extractor  
  44  3:42  Zergling x2  
  45  3:44  Zergling x2  
  45  3:47  Lair  
  46  3:51  Spore Crawler  
  45  3:52  Spore Crawler  
  44  3:55  Zergling x2  
  45  3:57  Extractor  
  47  4:08  Queen  
  62  4:39  Spore Crawler  
  61  4:42  Overlord x3  
  61  4:53  Spore Crawler  
  61  5:00  Hydralisk Den  
  65  5:18  Overlord  
  65  5:30  Hydralisk x8  
  65  5:31  Muscular Augments  
  65  5:33  Hydralisk  
  81  5:36  Hydralisk  
  81  5:42  Hydralisk x2  
  87  5:43  Hydralisk  
  89  5:54  Hydralisk x4  
  97  6:01  Overlord x2  
  97  6:02  Overlord  
  97  6:10  Zergling x8  
  97  6:11  Zergling x8  
  105  6:19  Overlord x2  
  105  6:24  Zergling x2  
  105  6:25  Zergling x12  
  112  6:34  Hydralisk x2  
  116  6:40  Hydralisk x4  
  116  6:42  Zergling  
  125  6:51  Hydralisk  
  125  6:52  Hydralisk x3  
  123  7:04  Hydralisk x3  
  123  7:05  Hydralisk x2  
  130  7:14  Zergling x8  
Spawning Tool Build Advisor. Get it on Overwolf

Go to:

Details

  • Created by: yourpalpaul
  • Published on: Dec 29, 2017
  • Modified on: Dec 29, 2017
  • Patch: 4.0.0
Show
View Real Time Build Order
Export as new Build Order

Comments (0)

There are no comments. Be the first!

Create an account to comment!